cohdb
Replays
Latest Replays
All Replays
Popular Replays
Top Player Replays
Match Explorer
How It Works
Community
CoH3 Stats
Reddit
Sign in to upload your games and track your stats! →
Sign in with Steam
Match 43110131
Unlisted
Match 43110131
Overview
Messages
Build Orders
End
Engineer Squad
Construct Barracks
Riflemen Squad
Selects Heavy Weapons
1⁄4-ton 4x4 Truck
Riflemen Squad
Riflemen Squad
Selects Assault Carriers
Infantry Support Center
Construct Motor Pool
Selects Exchangeable Parts
M8 Greyhound Armored Car
Construct Medical Station
.30 cal Machine Gun
M1918 Browning Automatic Rifles
Grenade Package
M1 Anti-tank Gun Team
✠Kaiser✠ tushkan
Darbesky
Drew_Almost_Wins
w0nder
0
0
Comments
sign in to comment!
No comments posted yet!